 Dungeon Crawl Stone Soup version 0.29.1-1-gd02db6906a (webtiles) character file.

Game seed: 7332817017266499647

51 NullDivider the Stinger (level 3, -1/21 HPs)
             Began as an Octopode Venom Mage on Sept 23, 2022.
             Slain by a rat (3 damage)
             ... on level 2 of the Dungeon.
             The game lasted 00:09:32 (1277 turns).

NullDivider the Stinger (Octopode Venom Mage)       Turns: 1277, Time: 00:09:33

Health: -1/21      AC:  1    Str:  7    XL:     3   Next: 81%
Magic:  0/6        EV: 13    Int: 19    God:
Gold:   54         SH:  0    Dex: 12    Spells: 0/6 levels left

rFire   . . .      SeeInvis .   (no weapon)
rCold   . . .      Faith    .   (no shield)
rNeg    + . .      Spirit   .   (helmet restricted)
rPois   .          Reflect  .   (no amulet)
rElec   .          Harm     .   e - ring of positive energy
rCorr   .          Rampage  .   (no ring)
Will    .....                   (no ring)
Stlth   +++.......              (no ring)
HPRegen 0.07/turn               (no ring)
MPRegen 0.10/turn               (no ring)
                                (no ring)
                                (no ring)

@: no status effects
A: almost no armour, amphibious, 8 rings, camouflage 1, gelatinous body 1,
(nimble swimmer 1), tentacles
a: no special abilities


You were on level 2 of the Dungeon.
You visited 1 branch of the dungeon, and saw 2 of its levels.

You collected 54 gold pieces.

Inventory:

Jewellery
 e - a ring of positive energy (left tentacle)
Scrolls
 b - a scroll of immolation {unknown}
 c - a scroll of teleportation {unknown}
 f - a scroll of blinking {unknown}
Potions
 a - a potion of magic
 d - a potion of haste {unknown}
 g - 2 potions of attraction {unknown}
 h - a potion of degeneration {unknown}


   Skills:
 * Level 2.5 Dodging
 * Level 3.5 Stealth
 * Level 2.4 Spellcasting
 + Level 0.1 Conjurations
 - Level 1.2 Transmutations
 + Level 0.7 Air Magic
 * Level 4.0 Poison Magic


You couldn't memorise any spells.
You knew the following spells:

 Your Spells              Type           Power      Damage    Failure   Level
a - Sting                 Tmut/Pois      48%        1d5       5%          1
b - Poisonous Vapours     Pois/Air       22%        N/A       10%         2
c - Mephitic Cloud        Conj/Pois/Air  8%         N/A       24%         3

Your spell library contained the following spells:

 Spells                   Type           Power      Damage    Failure   Level
 Magic Dart               Conj           8%         1d3       16%         1
 Call Imp                 Summ           2%         N/A       24%         2
 Olgreb's Toxic Radiance  Pois           17%        N/A       30%         4


Dungeon Overview and Level Annotations

Branches:
Dungeon (2/15)

Altars:


Innate Abilities, Weirdness & Mutations

You cannot wear most types of armour.
You are amphibious.
You can wear up to eight rings at the same time.
Your skin changes colour to match your surroundings (Stealth+).
Your rubbery body absorbs attacks. (AC +1, EV +1)
((You are camouflaged when in or above water. (Stealth+)))
You have tentacles for arms and can constrict up to eight enemies at once.


Message History

You are yanked towards some nearby monsters!
Your surroundings suddenly seem different.
A bat, an adder, a kobold, a hobgoblin and a rat come into view.
Found a scroll labelled VEAW OFFEAGGU and a scroll labelled ZAALOU YCKA.
The kobold shouts!
The hobgoblin shouts!
You hear a shout!
Casting: Sting (safe; 5% risk of failure)
Confirm with . or Enter, or press ? or * to list all spells.
Aiming: Poisonous Vapours (safe; 10% risk of failure)
Press: ? - help, Dir - move target, f - adder
Aim: an adder (wandering, hasn't noticed you) Poisonous vapours surround the adder!
The adder is poisoned.
The adder hisses angrily.
The bat misses you.
Found 10 gold pieces.
The bat hits you.
You tentacle-slap the bat but do no damage.
Your grab misses the bat. Your squeeze misses the bat.
The bat hits you but does no damage. The kobold barely misses you.
You tentacle-slap the kobold. Your grab misses the kobold.
The kobold is moderately wounded.
The bat closely misses you. The kobold completely misses you.
The adder barely misses you. The rat bites you but does no damage.
The sting misses the adder.
The adder looks more healthy.
The bat misses you. The adder bites you. The kobold hits you with a +0 club.
The rat misses you.
The sting hits the adder.
The adder is poisoned.
The adder is severely wounded.
The bat barely misses you. The adder closely misses you.
The kobold hits you with a +0 club. The rat barely misses you.
The sting hits the adder.
The adder looks even sicker.
You kill the adder!
The bat misses you. The kobold hits you with a +0 club.
The rat barely misses you. The bat misses you.
The sting misses the kobold.
The bat barely misses you. The kobold barely misses you.
The rat closely misses you. The hobgoblin hits you.
The hobgoblin attacks as you move away! The hobgoblin hits you.
* * * LOW HITPOINT WARNING * * *
The bat hits you.
* * * LOW HITPOINT WARNING * * *
The rat attacks as you move away! The rat bites you.
You die...

#..........
#.........
+..?.....
#.......#
#.......#
#.?.....#
#.g†# #Kr.#
#@.b# #...#
#...# #...#
.....
....... ##
.....$.. .#
......... .#
.....(.....#


You could see a hobgoblin, a bat, a kobold and a rat.

Vanquished Creatures
  An adder (D:2)
  3 dart slugs
  4 ball pythons (D:1)
  An endoplasm (D:1)
  4 giant cockroaches (D:1)
  3 goblins (D:1)
  3 hobgoblins (D:1)
  A kobold (D:1)
  8 bats
  2 frilled lizards
  5 rats
35 creatures vanquished.

Notes
Turn   | Place    | Note
-------+----------+-------------------------------------------
     0 | D:1      | NullDivider the Octopode Venom Mage began the quest for the
                  | Orb.
     0 | D:1      | Reached XP level 1. HP: 11/11 MP: 3/3
   170 | D:1      | Reached XP level 2. HP: 17/17 MP: 1/5
   218 | D:1      | Learned a level 2 spell: Poisonous Vapours
   792 | D:1      | Reached XP level 3. HP: 21/21 MP: 4/6
   805 | D:1      | Reached skill level 4 in Poison Magic
  1083 | D:2      | Learned a level 3 spell: Mephitic Cloud
  1277 | D:2      | Slain by a rat

Illustrated notes

Levels and vault maps discovered:
D:1:      dpeg_arrival_rooms_c, layout_basic, minmay_ruptured
D:2:      layout_basic, ebering_ecumenical_altar_webs, serial_shops,
          nicolae_diamond_shop, serial_park_tiny_pond, uniq_jessica

Skill      XL: |  1  2  3 |
---------------+----------+-----
Stealth        | 3 |  3.5
Poison Magic   | 4 |  4.0
Dodging        | |  2.5
Spellcasting   | |  2.4
Conjurations   | |  0.1
Transmutations | |  1.2
Air Magic      | |  0.7

Action                   || total
-------------------------++-------
Melee: Unarmed           ||    13
       Constrict         ||     4
       Tentacles         ||     2
       Punch             ||     1
 Cast: Sting             ||    48
       Poisonous Vapours ||     2
Armor: Skin              ||     4
Dodge: Dodged            ||    26
